 Dungeon Crawl Stone Soup version 0.26.0-8-g74fc34ddfb (webtiles) character file.

Game seed: 13437180333747641801

26296 GorgonRamsay the Summoner (level 12, -1/99 HPs)
             Began as a Vampire Summoner on Jan 8, 2021.
             Was a High Priest of Sif Muna.
             Killed by divine providence
             ... invoked by a smoke demon
             ... summoned by an orc sorcerer
              (12 damage)
             ... on level 2 of the Orcish Mines on Jan 12, 2021.
             The game lasted 03:06:43 (20847 turns).

GorgonRamsay the Summoner (Vampire Summoner)       Turns: 20847, Time: 03:06:43

Health: -1/99      AC: 10    Str:  7    XL:     12   Next: 97%
Magic:  10/20      EV: 13    Int: 29    God:    Sif Muna [*****.]
Gold:   1833       SH:  5    Dex: 14    Spells: 7/21 levels left

rFire    + . .     SeeInvis +   a - +3 mace (protect)
rCold    . . .     Faith    .   e - +0 buckler
rNeg     . . .     Spirit   .   d - +2 robe {Will+}
rPois    .         Reflect  .   c - +0 helmet
rElec    .         Harm     .   S - +0 cloak
rCorr    .         Rampage  .   J - +2 pair of gloves
Will     ++...                  O - +0 pair of boots {run}
Stlth    ++........             B - amulet of magic regeneration
HPRegen  0.46/turn              D - ring of protection from fire
MPRegen  0.42/turn              M - +6 ring of intelligence

@: lethally poisoned (-1 -> -2), flying, regenerating quickly, quick
A: fangs 3, see invisible, unbreathing
a: Exsanguinate, Renounce Religion, Channel Magic, Forget Spell, Divine Exegesis


You were on level 2 of the Orcish Mines.
You worshipped Sif Muna.
Sif Muna was extremely pleased with you.
You visited 4 branches of the dungeon, and saw 20 of its levels.
You also visited: Volcano.

You collected 1917 gold pieces.
You spent 84 gold pieces at shops.

Inventory:

Hand Weapons
 a - a +3 mace of protection (weapon)
Armour
 b - a +0 troll leather armour
 c - a +0 helmet (worn)
 d - a +2 robe of willpower (worn)
 e - a +0 buckler (worn)
 J - a +2 pair of gloves (worn)
 O - a +0 pair of boots of running (worn)
 S - a +0 cloak (worn)
 T - +0 fire dragon scales
Jewellery
 n - an uncursed ring of ice
 o - an uncursed ring of protection from cold
 B - an amulet of magic regeneration (around neck)
 D - a ring of protection from fire (left hand)
 F - an uncursed ring of protection from cold
 M - a +6 ring of intelligence (right hand)
Wands
 y - a wand of random effects (8)
 A - a wand of flame (21)
 C - a wand of acid (18)
 E - a wand of iceblast (6)
 I - a wand of polymorph (10)
 P - a wand of paralysis (12)
 Q - a wand of digging (5)
 R - a wand of enslavement (19)
Scrolls
 f - a scroll of enchant weapon
 g - 9 scrolls of teleportation
 h - 8 scrolls of remove curse
 j - 3 scrolls of enchant armour
 p - a scroll of silence
 r - 4 scrolls of fear
 v - 6 scrolls of identify
 z - 2 scrolls of magic mapping
 H - a scroll of summoning
 K - 5 scrolls of blinking
Potions
 i - 3 potions of might
 k - 6 potions of curing
 l - 2 potions of invisibility
 m - 3 potions of berserk rage {unknown}
 q - 5 potions of flight
 s - 4 potions of magic
 t - 3 potions of haste
 u - a potion of ambrosia {unknown}
 w - a potion of brilliance {unknown}
 x - a potion of lignification {unknown}
 G - a potion of heal wounds {unknown}
 N - a potion of mutation {unknown}
Miscellaneous
 L - a lightning rod (1/4)


   Skills:
 * Level 10.6 Fighting
 - Level 2.3 Dodging
 - Level 3.0 Stealth
 - Level 4.0 Shields
 - Level 5.4 Spellcasting
 * Level 13.9 Summonings
 - Level 6.0 Ice Magic
 - Level 4.2 Air Magic
 - Level 6.8 Invocations


You had 7 spell levels left.
You knew the following spells:

 Your Spells              Type           Power        Failure   Level
a - Summon Lightning Spi  Summ/Air       57%          1%          4
c - Call Canine Familiar  Summ           73%          1%          3
v - Summon Ice Beast      Ice/Summ       60%          1%          4
x - Call Imp              Summ           73%          1%          2
z - Summon Small Mammal   Summ           100%         1%          1

Your spell library contained the following spells:

 Spells                   Type           Power        Failure   Level
 Swiftness                Air            32%          1%          2
 Summon Guardian Golem    Hex/Summ       48%          1%          3
 Shock                    Conj/Air       80%          2%          1
 Poisonous Vapours        Pois/Air       40%          3%          2
 Animate Skeleton         Necr           14%          6%          1
 Beastly Appendage        Tmut           14%          6%          1
 Corona                   Hex            7%           6%          1
 Foxfire                  Conj/Fire      28%          6%          1
 Magic Dart               Conj           28%          6%          1
 Pain                     Necr           28%          6%          1
 Sandblast                Erth           14%          6%          1
 Sting                    Tmut/Pois      28%          6%          1
 Static Discharge         Conj/Air       20%          8%          3
 Passwall                 Tmut/Erth      5%           9%          2
 Slow                     Hex            7%           9%          2
 Wereblood                Tmut           7%           9%          2
 Mephitic Cloud           Conj/Pois/Air  16%          10%         3
 Airstrike                Air            16%          11%         4
 Ice Form                 Ice/Tmut       25%          17%         4
 Conjure Flame            Conj/Fire      7%           19%         3
 Ignite Poison            Fire/Tmut/Pois 7%           19%         3
 Inner Flame              Hex/Fire       7%           19%         3
 Portal Projectile        Hex/Tloc       14%          19%         3
 Spider Form              Tmut/Pois      3%           19%         3
 Stone Arrow              Conj/Erth      14%          19%         3
 Vampiric Draining        Necr           3%           19%         3
 Animate Dead             Necr           3%           52%         4
 Cause Fear               Hex            3%           52%         4
 Iskenderun's Mystic Bla  Conj/Tloc      7%           52%         4
 Leda's Liquefaction      Hex/Erth       3%           52%         4
 Olgreb's Toxic Radiance  Pois           7%           52%         4
 Petrify                  Tmut/Erth      7%           52%         4
 Sticky Flame             Conj/Fire      7%           52%         4
 Lightning Bolt           Conj/Air       10%          56%         5
 Silence                  Hex/Air        10%          56%         5
 Agony                    Necr           7%           86%         5
 Blade Hands              Tmut           3%           86%         5
 Fireball                 Conj/Fire      3%           86%         5
 Lee's Rapid Deconstruct  Erth           3%           86%         5
 Hydra Form               Tmut           3%           100%        6
 Summon Horrible Things   Summ           36%          77%         8


Dungeon Overview and Level Annotations

Branches:
Dungeon (13/15)            Temple (1/1) D:7            Lair (4/6) D:8
  Swamp (0/4) Lair:3       Spider (0/4) Lair:2          Orc (2/2) D:11
    Elf (0/3) Orc:2       Volcano (visited)
 Vaults: D:13-14

Altars:
Ashenzari
Cheibriados
Dithmenos
Elyvilon
Gozag
Hepliaklqana
Kikubaaqudgha
Makhleb
Nemelex Xobeh
Okawaru
Qazlal
Ru
Sif Muna
Trog
Vehumet
Wu Jian
Xom
Yredelemnul
Zin
The Shining One
Beogh

Shops:
D:4 }   D:10 (   D:11 *   Orc:2 ::?}?

Portals:
Trove: D:12 (give 4 scrolls of fear)

Annotations:
D:11 Guarded treasure, bring big guns, aeroqp's ghost, journeyman DrCj
D:12 Treasure trove, 3 runed translucent doors, exclusion: 3 doors, Anyutwal's ghost, journeyman HOFi; TreeFish's ghost, novice HuCj
Lair:4 exclusion: 2 oklob plants


Innate Abilities, Weirdness & Mutations

Your natural rate of healing is unusually fast.
You have razor-sharp teeth.
You have supernaturally acute eyesight. (SInv)
You can survive without breathing.


Message History

What are your orders? t - Shout!
Orders for allies: a - Attack new target. p - Attack previous target. r - Retreat! s - Stop attacking. g - Guard the area. f - Follow me.
Anything else - Cancel.
Gang up on whom?
Press: ? - help, Dir - move target, f/p - orc sorcerer
Aim: an orc sorcerer, wielding a +0 dagger and wearing a +2 robe (severely wounded) Attack!
The smoke demon gestures at you. Something smites you!
* * * LOW HITPOINT WARNING * * *
The orc sorcerer barely misses your lightning spire.
It was a potion of flight.
You feel very buoyant.
You fly up into the air.
You feel sick. The smoke demon gestures at you. Something smites you!
You die...

........................#
##..######.....8o......##
#.)# #..............#
##..# #.......3......#
....# #.............##
##††# #..............#
#......................#
#.###+###.............##
#.# #......@.......# ..#
#..............# ##.#
#..............# #.#
#..............# #.
####.............##
..................#
......#).........##
...^......#.......#
.....8...........##


You could see a smoke demon (summoned), an orc sorcerer and a friendly lightning
spire (summoned).

Vanquished Creatures
  Erica (D:8)
  An orc knight (Orc:2)
  A blink frog (Lair:2)
  An orc warrior (D:7)
  2 ogres
  2 phantoms (D:4)
  2 scorpions
  A wight (D:9)
  An electric eel (Lair:2)
  A bullfrog zombie (D:10)
  An orc priest (D:7)
  An orc wizard (D:5)
  2 centaur skeletons
  An iguana (D:4)
  A worker ant (D:5)
  A hound zombie (D:6)
  An adder (D:2)
  A white imp (D:5)
  An ooze (D:4)
  A worm (D:2)
  3 dart slugs
  4 leopard geckos
  6 orcs
  A ball python (D:2)
  4 giant cockroaches
  A hobgoblin (D:4)
  2 jackals
  2 kobolds (D:1)
  2 quokkas
  A frilled lizard (D:3)
  A leopard gecko zombie (D:6)
  A quokka skeleton (D:9)
  3 rats
55 creatures vanquished.

Vanquished Creatures (collateral kills)
  Jorgrun (Orc:1)
  A red draconian (Volcano)
  2 hydras
  A centaur warrior (Volcano)
  2 two-headed ogres (Orc:2)
  5 orc high priests
  Sonja (D:11)
  A lindwurm (Lair:3)
  Pikel (D:3)
  3 orc sorcerers
  2 cyclopes
  An ugly thing (D:11)
  2 manticores
  3 black mambas
  8 cane toads
  8 elephants (Lair:3)
  A torpor snail (Lair:2)
  A gargoyle (D:10)
  3 centaur skeletons
  2 rime drakes
  11 komodo dragons
  2 yaktaurs (Volcano)
  2 ice devils (D:11)
  5 trolls
  20 blink frogs
  A hornet (D:12)
  5 slime creatures (D:12)
  3 dream sheep (Lair:2)
  Sigmund (D:2)
  A wraith (D:11)
  4 basilisks
  24 yaks
  7 fire bats (Volcano)
  4 vampire mosquitoes (Lair:3)
  9 wargs (Orc:2)
  11 water moccasins
  Duvessa (D:7)
  2 nameless horrors
  A swamp drake (D:11)
  23 orc warriors
  3 sky beasts
  3 ice beasts
  2 black bears
  An eye of draining (D:11)
  9 ogres
  7 centaurs
  A lemure (D:3)
  The ghost of Goreval the Conjurer, an amateur OpCj (D:3)
  3 big kobolds
  10 bullfrogs
  A gnoll sergeant (D:9)
  5 scorpions
  Dowan (D:7)
  5 killer bees (D:10)
  2 howler monkeys
  3 wights (D:9)
  An electric eel (Lair:2)
  3 bullfrog zombies
  5 lava snakes (Volcano)
  4 hounds
  3 bullfrog skeletons
  36 orc priests
  18 orc wizards
  6 worker ants
  4 iguanas
  2 hound skeletons
  Robin (D:4)
  5 gnolls (D:9)
  A howler monkey skeleton (D:4)
  A river rat (D:6)
  11 adders
  A shadow imp (D:8)
  2 white imps
  3 ufetubi
  An ooze (D:5)
  An adder zombie (D:9)
  An adder skeleton (D:9)
  4 worms
  2 dart slugs
  A leopard gecko (D:6)
  100 orcs
  A ball python (D:2)
  5 giant cockroaches
  9 goblins
  8 hobgoblins
  21 jackals
  6 quokkas
  3 bats (D:2)
  3 frilled lizards
  23 kobolds
  A quokka skeleton (D:9)
  2 rats
542 creatures vanquished.

Vanquished Creatures (others)
  An orc (Orc:2)
  18 fungi
  30 plants
  A withered plant (D:12)
50 creatures vanquished.

Grand Total: 647 creatures vanquished

Notes
Turn   | Place    | Note
-------+----------+-------------------------------------------
     0 | D:1      | GorgonRamsay the Vampire Summoner began the quest for the
                  | Orb.
     0 | D:1      | Reached XP level 1. HP: 13/13 MP: 3/3
   207 | D:1      | Reached XP level 2. HP: 9/19 MP: 1/5
   275 | D:1      | Learned a level 2 spell: Call Imp
  1443 | D:2      | Reached XP level 3. HP: 24/24 MP: 3/6
  1495 | D:2      | Learned a level 3 spell: Call Canine Familiar
  1648 | D:2      | Noticed Sigmund
  1674 | D:2      | Killed Sigmund
  1675 | D:2      | Reached skill level 5 in Summonings
  1675 | D:2      | Reached XP level 4. HP: 25/30 MP: 1/8
  2314 | D:3      | Reached XP level 5. HP: 36/36 MP: 1/9
  2730 | D:3      | Found a runed translucent door.
  2744 | D:3      | Found an ornate altar of the Wu Jian Council.
  2783 | D:3      | Noticed Goreval's ghost (amateur OpCj)
  3221 | D:3      | Killed Goreval's ghost
  3222 | D:3      | Reached skill level 1 in Fighting
  3222 | D:3      | Reached skill level 6 in Summonings
  3337 | D:4      | Noticed a phantom
  3373 | D:4      | Killed a phantom
  3374 | D:4      | Reached XP level 6. HP: 43/44 MP: 2/11
  3471 | D:4      | Found Joff's Gadget Shop.
  3584 | D:4      | Learned a level 4 spell: Summon Ice Beast
  3606 | D:4      | Noticed Robin
  3618 | D:4      | Killed Robin
  3804 | D:4      | Reached skill level 1 in Ice Magic
  4022 | D:4      | Noticed Pikel
  4329 | D:3      | Killed Pikel
  4330 | D:3      | Reached skill level 7 in Summonings
  4330 | D:3      | Reached XP level 7. HP: 50/50 MP: 3/12
  4733 | D:4      | Found a sacrificial altar of Ru.
  4865 | D:4      | Found a broken altar of Ashenzari.
  5110 | D:5      | Entered Level 5 of the Dungeon
  5777 | D:5      | Reached XP level 8. HP: 56/56 MP: 4/13
  6246 | D:6      | Reached skill level 5 in Ice Magic
  6451 | D:6      | Reached skill level 8 in Summonings
  7153 | D:6      | Found a shadowy altar of Dithmenos.
  7603 | D:7      | Found a staircase to the Ecumenical Temple.
  7608 | D:7      | Noticed Duvessa
  7610 | D:7      | Noticed Dowan
  7611 | Temple   | Entered the Ecumenical Temple
  7740 | Temple   | Became a worshipper of Sif Muna the Loreminder
  7896 | D:7      | Killed Dowan
  8045 | D:7      | Noticed a nameless horror
  8174 | D:7      | Killed Duvessa
  8309 | D:7      | Killed a nameless horror
  8643 | D:8      | Learned a level 4 spell: Summon Lightning Spire
  8660 | D:8      | Noticed Erica
  8687 | D:8      | Reached skill level 9 in Summonings
  8687 | D:8      | Reached skill level 1 in Air Magic
  8703 | D:8      | Reached * piety under Sif Muna
  8777 | D:8      | Found a staircase to the Lair.
  8886 | D:8      | Killed Erica
  8887 | D:8      | Reached XP level 9. HP: 64/64 MP: 9/15
  9088 | D:8      | Found a glowing golden altar of the Shining One.
  9599 | D:9      | Reached ** piety under Sif Muna
 10225 | D:10     | Entered Level 10 of the Dungeon
 10231 | D:10     | Noticed a gargoyle
 10234 | D:10     | Reached skill level 10 in Summonings
 10438 | D:10     | Reached skill level 1 in Invocations
 10588 | D:10     | Killed a gargoyle
 10689 | D:10     | Noticed a troll
 10693 | D:10     | Killed a troll
 10693 | D:10     | Reached *** piety under Sif Muna
 10704 | D:10     | Reached XP level 10. HP: 70/71 MP: 2/17
 10729 | D:10     | Reached skill level 5 in Invocations
 10816 | D:10     | Found Citaf's Weapon Boutique.
 11301 | D:11     | Noticed a brown ugly thing
 11309 | D:11     | Killed a brown ugly thing
 11460 | D:11     | Found Gaynitse's General Store.
 11523 | D:11     | Noticed Sonja
 11860 | D:11     | Noticed a manticore
 11869 | D:11     | Killed a manticore
 11882 | D:11     | Reached skill level 5 in Spellcasting
 11926 | D:11     | Found a transporter.
 11933 | D:11     | Found a transporter.
 11946 | D:11     | Noticed aeroqp's ghost (journeyman DrCj)
 11988 | D:11     | Killed Sonja
 12194 | D:11     | Reached **** piety under Sif Muna
 12287 | D:11     | Noticed a cyclops
 12399 | D:11     | Killed a cyclops
 12400 | D:11     | Reached skill level 5 in Fighting
 12474 | D:11     | Found a staircase to the Orcish Mines.
 12839 | D:12     | Found a portal to a secret trove of treasure.
 12987 | D:12     | Identified a +0 pair of boots of running (You found it on
                  | level 12 of the Dungeon)
 13175 | D:12     | Noticed a manticore
 13188 | D:12     | Killed a manticore
 13498 | D:12     | Found a runed translucent gate.
 13498 | D:12     | Found a runed translucent gate.
 13632 | D:12     | Reached ***** piety under Sif Muna
 13791 | D:12     | Found a runed translucent gate.
 13795 | D:12     | Noticed TreeFish's ghost (novice HuCj)
 13795 | D:12     | Noticed Anyutwal's ghost (journeyman HOFi)
 14033 | Lair:1   | Entered Level 1 of the Lair of Beasts
 14094 | Lair:1   | Identified Sif Muna's Volume of the Lethal Entourage (Sif
                  | Muna gifted it to you on level 1 of the Lair of Beasts)
 14094 | Lair:1   | Received a gift from Sif Muna
 14133 | Lair:1   | Reached XP level 11. HP: 81/81 MP: 6/19
 14686 | Lair:1   | Noticed an eight-headed hydra
 14720 | Lair:1   | Killed an eight-headed hydra
 14721 | Lair:1   | Reached skill level 11 in Summonings
 15152 | Lair:2   | Reached skill level 1 in Shields
 16244 | Lair:2   | Found a hole to the Spider Nest.
 16745 | Lair:3   | Noticed a lindwurm
 16753 | Lair:3   | Killed a lindwurm
 16754 | Lair:3   | Reached skill level 12 in Summonings
 16818 | Lair:3   | Noticed a six-headed hydra
 16828 | Lair:3   | Killed a six-headed hydra
 16957 | Lair:3   | Reached XP level 12. HP: 93/93 MP: 15/20
 17097 | Lair:3   | Found a staircase to the Swamp.
 17940 | Orc:1    | Entered Level 1 of the Orcish Mines
 18160 | Orc:2    | Entered Level 2 of the Orcish Mines
 18168 | Orc:1    | Noticed a two-headed ogre
 18168 | Orc:1    | Noticed an orc high priest
 18214 | Orc:1    | Killed an orc high priest
 18222 | Orc:2    | Killed a two-headed ogre
 18482 | Orc:1    | Found a dark tunnel.
 18491 | Volcano  | Entered a volcano
 18705 | Volcano  | Identified Sif Muna's Collected Works on Transformation and
                  | Enchantment (Sif Muna gifted it to you in a volcano)
 18705 | Volcano  | Received a gift from Sif Muna
 18711 | Volcano  | Noticed a centaur warrior
 18713 | Volcano  | Noticed a red draconian
 18734 | Volcano  | Reached skill level 13 in Summonings
 18739 | Volcano  | Killed a centaur warrior
 18750 | Volcano  | Killed a red draconian
 18984 | Volcano  | Found a radiant altar of Vehumet.
 19030 | Volcano  | Found a burning altar of Makhleb.
 19152 | Orc:1    | Noticed Jorgrun
 19178 | Orc:1    | Killed Jorgrun
 19441 | Orc:2    | Noticed an orc high priest
 19454 | Orc:2    | Reached skill level 10 in Fighting
 19611 | Orc:2    | Found a staircase to the Elven Halls.
 19611 | Orc:2    | Found Xuluesh's Book Emporium.
 19638 | Orc:2    | Noticed a two-headed ogre
 19645 | Orc:2    | Killed a two-headed ogre
 19815 | Orc:2    | Noticed an orc high priest
 19826 | Orc:2    | Killed an orc high priest
 19911 | Orc:2    | Received a gift from Sif Muna
 19914 | Orc:2    | Noticed an orc high priest
 19929 | Orc:2    | Killed an orc high priest
 19934 | Orc:2    | Found Oxowieragg's Book Shoppe.
 19934 | Orc:2    | Found Guaffag's Magic Scroll Boutique.
 19981 | Orc:2    | Found a roughly hewn altar of Beogh.
 20302 | Orc:2    | Killed an orc high priest
 20327 | Orc:2    | Upgraded the game from 0.26-b1-57-gb162d0664a to
                  | 0.26.0-8-g74fc34ddfb
 20398 | Orc:2    | Found Feocefu's Gadget Shop.
 20401 | Orc:2    | Found Toxousa's Magic Scroll Emporium.
 20413 | Orc:2    | Bought a scroll of teleportation for 42 gold pieces
 20413 | Orc:2    | Bought a scroll of teleportation for 42 gold pieces
 20417 | Orc:2    | Noticed an orc high priest
 20699 | Orc:2    | Killed an orc high priest
 20829 | Orc:2    | Paralysed by an orc sorcerer for 4 turns
 20847 | Orc:2    | Killed from afar by a smoke demon

Illustrated notes

Levels and vault maps discovered:
D:1:      heliophobic_arrival_dark_side_of_the_moon, layout_loops_ring
D:2:      layout_rooms, uniq_sigmund
D:3:      layout_basic, lemuel_doored_altar, ebering_ghost_reflecting_pool
D:4:      layout_basic, kennysheep_mini, old_standard_altar, serial_shops,
          kennysheep_mini_moat, uniq_pikel, uniq_robin
D:5:      layout_basic
D:6:      layout_loops_ring, lemuel_round_altar, gup_sewer_entry_bubbles,
          minivault_23
D:7:      layout_rooms, minmay_temple_entry_ruins, uniq_duvessa
D:8:      layout_rooms, nicolae_tso_carved_into_rock, lair_entry_dummy,
          uniq_erica
D:9:      layout_basic
D:10:     layout_basic, serial_shops, shop
D:11:     layout_long_grid, erik_orc_1, portal_ice_cave_demonic_guard,
          gammafunk_ghost_stat_death, serial_shops, nicolae_shop_behind_doors,
          uniq_sonja
D:12:     layout_cave_pods, gammafunk_ghost_cemetery, enter_trove_1
D:13:     layout_roguey, uniq_erolcha
Temple:   minmay_crystal_spiral_temple
Lair:1:   layout_regular_city, chequers_serial_rivers_micro_e,
          serial_bayou_pond_a, minivault_19, lemuel_fruit_fields
Lair:2:   statuecave_lemuel, layout_loops_ring,
          nicolae_spider_entry_non_spiders, serial_bayou_crossing,
          grunt_megastairs_2, serial_bayou_shore_a, infiniplex_staircase_pool_2
Lair:3:   layout_hall_layers, minmay_swamp_entry_swarm, grunt_megastairs_1
Lair:4:   wander_river, layout_loops_ring, basic_altar, grunt_megastairs_3,
          minmay_lair_oklob_chamber, infiniplex_staircase_pool
Orc:1:    layout_caves, enter_volcano_1, uniq_jorgrun
Orc:2:    st_orc_town, layout_diamond_mine, serial_shops, shop,
          nicolae_shop_temple_entry_statues_fountains, shop,
          ebering_ghost_rock_garden

Skill      XL: |  1  2  3  4  5  6  7  8  9 10 11 12 |
---------------+-------------------------------------+-----
Summonings     | 5 6 7 9 10 12 13 | 13.9
Spellcasting   | 3 4 5 |  5.4
Fighting       | 1 2 3 4 5 8 10 | 10.6
Ice Magic      | 4 5 6 |  6.0
Air Magic      | 1 3 4 |  4.2
Invocations    | 4 6 |  6.8
Shields        | 3 4 |  4.0
Dodging        | |  2.3
Stealth        | |  3.0

Action                   |  1- 3 |  4- 6 |  7- 9 | 10-12 || total
-------------------------+-------+-------+-------+-------++-------
Melee: Unarmed           |     6 |       |       |       ||     6
       Bite              |     4 |     3 |     5 |     4 ||    16
       Dagger            |    20 |     2 |     2 |    32 ||    56
       Scythe            |       |    53 |   161 |    47 ||   261
       Mace              |       |       |       |    10 ||    10
Throw: Stone             |     1 |       |     2 |       ||     3
 Cast: Summon Small Mamm |    44 |    27 |     8 |    18 ||    97
       Call Imp          |    11 |    45 |    25 |    81 ||   162
       Call Canine Famil |     2 |    27 |    33 |    60 ||   122
       Summon Ice Beast  |       |       |   104 |   345 ||   449
       Summon Lightning  |       |       |     2 |   116 ||   118
Invok: Channel Magic     |       |       |       |    11 ||    11
Evoke: Lightning rod     |       |       |       |     6 ||     6
       Wand              |       |       |       |     6 ||     6
  Use: Scroll            |       |       |     1 |    20 ||    21
       Potion            |       |       |       |     2 ||     2
 Stab: Distracted        |       |     1 |     3 |     3 ||     7
       Sleeping          |       |       |     6 |       ||     6
       Betrayed ally     |       |       |       |     1 ||     1
Armor: Robe              |     5 |     3 |    19 |    51 ||    78
Dodge: Dodged            |    20 |    34 |    88 |   101 ||   243
Block: Buckler           |       |       |       |     7 ||     7
